 Dungeon Crawl Stone Soup version 0.30.1-4-g462c640d31 (webtiles) character file.

Game seed: 6019180595015446048

3795 Anriel the Ducker (level 10, -6/76 HPs)
             Began as a Human Gladiator on Aug 18, 2023.
             Was a Priest of Okawaru.
             Mangled by a two-headed ogre
             ... wielding a +0 giant club
              (14 damage)
             ... on level 8 of the Dungeon.
             The game lasted 00:37:11 (6466 turns).

Anriel the Ducker (Human Gladiator)                 Turns: 6466, Time: 00:37:12

Health: -6/76      AC: 17    Str: 19    XL:     10   Next: 39%
Magic:  13/13      EV:  8    Int:  8    God:    Okawaru [***...]
Gold:   353        SH:  0    Dex: 15    Spells: 9/9 levels left

rFire   . . .        a - +2 trident (vamp)
rCold   . . .        (no shield)
rNeg    . . .        w - +0 plate armour
rPois   .            c - +0 helmet
rElec   .            t - +0 cloak
rCorr   .            o - +0 pair of gloves
SInv    +            h - +0 pair of boots
Will    .....        g - amulet of regeneration Stlth
                     s - ring of see invisible
HPRegen 1.12/turn    (no ring)
MPRegen 0.13/turn

%: no passive effects
@: no status effects
A: no striking features
a: Renounce Religion, Heroism


You were on level 8 of the Dungeon.
You worshipped Okawaru.
Okawaru was most pleased with you.
You visited 2 branches of the dungeon, and saw 9 of its levels.

You collected 353 gold pieces.

Inventory:

Hand Weapons
 a - a +2 vampiric trident (weapon)
 b - a +2 halberd of draining
 e - a +2 spear of freezing
Missiles
 d - a throwing net (quivered)
Armour
 c - a +0 helmet (worn)
 h - a +0 pair of boots (worn)
 o - a +0 pair of gloves (worn)
 t - a +0 cloak (worn)
 u - the +2 leather armour "Finab" {Harm}
   (You found it on level 6 of the Dungeon)

   Harm:      It increases damage dealt and taken.
 w - a +0 plate armour (worn)
Jewellery
 g - an amulet of regeneration (around neck)
 s - a ring of see invisible (left hand)
 y - a ring of flight
Wands
 j - a wand of mindburst (11)
 q - a wand of roots (11)
Scrolls
 p - 9 scrolls of teleportation
 v - a scroll of poison
 A - a scroll of enchant weapon
Potions
 f - a potion of magic
 i - 2 potions of lignification
 k - 2 potions of brilliance
 l - 2 potions of mutation
 m - 3 potions of curing
 n - 3 potions of haste
 z - a potion of flight
 B - a potion of might


   Skills:
 + Level 5.8 Fighting
 + Level 5.9 Polearms
 - Level 5.2 Throwing
 + Level 5.7 Armour
 + Level 6.0 Dodging
 - Level 3.0 Unarmed Combat
 - Level 5.0 Invocations
 - Level 5.1 Evocations


You had 9 spell levels left.
You didn't know any spells.
Your spell library contained the following spells:

 Spells                   Type           Power      Damage    Failure   Level
 Blink                    Tloc           0%         N/A       100%        2
 Scorch                   Fire           0%         2d5       100%        2
 Flame Wave               Conj/Fire      0%         2d4       100%        4
 Manifold Assault         Tloc           0%         N/A       100%        4
 Storm Form               Tmut/Air       0%         N/A       100%        7
 Summon Cactus Giant      Summ           Unusable   N/A       N/A         6

Dungeon Overview and Level Annotations

Branches:
Dungeon (8/15)             Temple (1/1) D:5
   Lair: D:8-11

Altars:
Ashenzari
Cheibriados
Dithmenos
Elyvilon
Fedhas
Gozag
Hepliaklqana
Kikubaaqudgha
Makhleb
Nemelex Xobeh
Okawaru
Ru
Sif Muna
Trog
Uskayaw
Vehumet
Wu Jian
Xom
Yredelemnul
Zin
The Shining One

Shops:
D:1 :


Message History

You puncture the polar bear!
You feel better.
The polar bear is almost dead.
The polar bear bites you!
The polar bear claws you but does no damage. x2
You hit the polar bear but do no damage.
The polar bear is almost dead.
An orc comes into view. It is wielding a +0 club.
An orc comes into view. It is wielding a +0 short sword.
The polar bear goes berserk!
The orc shouts! x2
You hit the polar bear but do no damage.
The polar bear is almost dead.
The polar bear bites you!
The polar bear claws you but does no damage.
The polar bear barely misses you.
You hit the polar bear.
You feel better.
The polar bear is almost dead.
The polar bear bites you!
The polar bear claws you but does no damage.
The polar bear claws you. The polar bear bites you!!
* * * LOW HITPOINT WARNING * * *
The polar bear claws you.
* * * LOW HITPOINT WARNING * * *
The polar bear claws you but does no damage.
Okay, then.
Okay, then.
Okay, then.
Aiming: Mindburst
Press: ? - help, Shift-Dir - straight line, f/p - polar bear
Aim: a polar bear (almost dead, berserk, chance to affect: 81%)
The polar bear's mind is blasted!!
You blow up the polar bear!
Okawaru accepts your kill.
Your Dodging skill increases to level 6!
Okay, then.
You feel better.
The two-headed ogre hits you with a +0 giant club!
* * * LOW HITPOINT WARNING * * *
The two-headed ogre hits you with a +0 giant spiked club!
You die...

#....# #≈≈~.~≈
#..... #≈~.§.~
...(.. ####~.§§§.
#..((.#######
##.....§§§.
............#
#..##..§§§.
#...........#
####.###~~....
#.......o..#
##.)..# #≈~~.~~
#.....)oo####..####
####.##
........)oooO@...##
#...
..##..########..##
#### #.. #.)# ...
#..# ##### ###.
#..# .... . #..#
#.. .# #..#######
#.. ####........#
#.. #...........#
#..


You could see a two-headed ogre and 6 orcs.

Vanquished Creatures
  A polar bear (D:8)
  6 yaks (D:8)
  2 wyverns
  2 water moccasins
  5 ice beasts
  2 orc warriors (D:8)
  A wolf (D:8)
  A centaur (D:7)
  A kobold brigand (D:8)
  A bullfrog (D:7)
  A scorpion (D:4)
  4 wights (D:8)
  2 howler monkeys
  An electric eel (D:8)
  4 jellies
  4 orc priests
  5 hounds
  5 iguanas
  2 orc wizards
  A centaur simulacrum (D:8)
  8 adders
  7 gnolls
  6 white imps
  An ufetubus (D:8)
  A worm (D:2)
  2 dart slugs
  36 orcs
  3 bats
  5 endoplasms
  6 giant cockroaches
  5 goblins
  8 hobgoblins
  3 jackals (D:3)
  6 quokkas
  8 ball pythons
  A frilled lizard (D:1)
  10 kobolds
  4 rats (D:3)
171 creatures vanquished.

Vanquished Creatures (others)
  5 dream sheep (D:5)
5 creatures vanquished.

Grand Total: 176 creatures vanquished

Notes
Turn   | Place    | Note
-------+----------+-------------------------------------------
     0 | D:1      | Anriel the Human Gladiator began the quest for the Orb.
     0 | D:1      | Reached XP level 1. HP: 16/16 MP: 1/1
    57 | D:1      | Found Qapiu's Book Boutique.
    70 | D:1      | Reached skill level 1 in Armour
    70 | D:1      | Reached XP level 2. HP: 22/22 MP: 2/2
   187 | D:1      | Reached XP level 3. HP: 28/28 MP: 3/3
  1635 | D:3      | Reached XP level 4. HP: 34/34 MP: 4/4
  1982 | D:3      | Reached XP level 5. HP: 41/41 MP: 5/5
  2135 | D:3      | Reached skill level 1 in Unarmed Combat
  2218 | D:3      | Reached XP level 6. HP: 42/47 MP: 6/6
  3145 | D:4      | Reached XP level 7. HP: 53/53 MP: 7/7
  3445 | D:4      | You fall into a shaft and drop 1 floor!
  3445 | D:5      | Entered Level 5 of the Dungeon
  3626 | D:5      | Found a hide-covered altar of Uskayaw.
  4130 | D:5      | Reached XP level 8. HP: 61/61 MP: 8/8
  4156 | D:5      | Found a staircase to the Ecumenical Temple.
  4161 | Temple   | Entered the Ecumenical Temple
  4166 | Temple   | Became a worshipper of Warmaster Okawaru
  4392 | D:5      | Noticed a dream sheep
  4392 | D:5      | Noticed a dream sheep
  4392 | D:5      | Noticed a dream sheep
  4392 | D:5      | Noticed a dream sheep
  4392 | D:5      | Noticed a dream sheep
  4392 | D:5      | Found a shimmering altar of Xom.
  4396 | D:5      | Killed a dream sheep
  4396 | D:5      | Killed a dream sheep
  4396 | D:5      | Killed a dream sheep
  4396 | D:5      | Killed a dream sheep
  4397 | D:5      | Killed a dream sheep
  4681 | D:6      | Found a white marble altar of Elyvilon.
  4688 | D:6      | Identified the +2 leather armour "Finab" {Harm}
  5103 | D:6      | Reached skill level 4 in Dodging
  5458 | D:7      | Reached skill level 5 in Fighting
  5475 | D:7      | Noticed a wyvern
  5491 | D:7      | Killed a wyvern
  5491 | D:7      | Reached * piety under Okawaru
  5492 | D:7      | Reached skill level 5 in Polearms
  5492 | D:7      | Reached XP level 9. HP: 39/68 MP: 9/9
  5585 | D:7      | Reached skill level 5 in Armour
  5845 | D:8      | Reached skill level 5 in Throwing
  5845 | D:8      | Reached skill level 5 in Dodging
  5852 | D:8      | Reached skill level 1 in Invocations
  5852 | D:8      | Reached skill level 1 in Evocations
  6228 | D:8      | Reached ** piety under Okawaru
  6326 | D:8      | Reached skill level 5 in Invocations
  6335 | D:8      | Reached skill level 5 in Evocations
  6335 | D:8      | Reached XP level 10. HP: 74/74 MP: 13/13
  6422 | D:8      | Reached *** piety under Okawaru
  6457 | D:8      | Noticed a two-headed ogre
  6466 | D:8      | Reached skill level 6 in Dodging
  6466 | D:8      | Mangled by a two-headed ogre

Illustrated notes

Levels and vault maps discovered:
D:1:      minmay_arrival_up_and_down, layout_rooms, serial_shops, shop
D:2:      layout_basic
D:3:      wad_river_or_something, layout_basic, minmay_misc_feat_x,
          chequers_arboretum
D:4:      layout_loops_corners
D:5:      layout_loops_ring, kb_xom_exploding_sheep, lemuel_doored_altar,
          minmay_temple_entry_nine_rooms, kennysheep_big_empty_room,
          chequers_serial_rivers_room_a
D:6:      layout_basic, elyvilon_altar_3
D:7:      layout_basic
D:8:      layout_basic, serial_ice, serial_ice_o, serial_ice_e, serial_ice_a,
          serial_ice_g, serial_ice_d, serial_ice_c, serial_ice_h, serial_ice_k,
          serial_ice_m, serial_ice_f, special_room [special_room_orc],
          uniq_maggie
Temple:   nicolae_temple_bog_church

Skill      XL: |  1  2  3  4  5  6  7  8  9 10 |
---------------+-------------------------------+-----
Armour         | 1 2 3 4 5 |  5.7
Fighting       | 3 4 5 |  5.8
Throwing       | 3 4 5 |  5.2
Unarmed Combat | 1 2 3 |  3.0
Polearms       | 4 5 |  5.9
Dodging        | 4 5 6 |  6.0
Invocations    | 5 |  5.0
Evocations     | 5 |  5.1

Action                     |  1- 3 |  4- 6 |  7- 9 | 10-12 || total
---------------------------+-------+-------+-------+-------++-------
  Melee: Trident           |   122 |    20 |   177 |   110 ||   429
         Punch             |     2 |     3 |     9 |     2 ||    16
         Spear             |       |   140 |   161 |       ||   301
         Halberd           |       |       |    14 |       ||    14
  Throw: Javelin           |     1 |       |    13 |       ||    14
         Throwing net      |       |       |     2 |     1 ||     3
  Evoke: Wand              |       |       |       |     1 ||     1
    Use: Scroll            |     6 |     4 |    12 |       ||    22
         Potion            |       |     1 |     1 |     1 ||     3
   Stab: Held in net/web   |       |       |     1 |       ||     1
 Armour: Leather armour    |    17 |       |       |       ||    17
         Ring mail         |     5 |    37 |       |       ||    42
         Chain mail        |       |     8 |    84 |       ||    92
         Plate armour      |       |       |    58 |    55 ||   113
  Dodge: Dodged            |    68 |    45 |   100 |    30 ||   243
